 Dungeon Crawl Stone Soup version 0.26.0-20-g3ca415f5b8 (webtiles) character file.

Game seed: 12635816642396040165

596 kaeus the Firebug (level 7, -7/36 HPs)
             Began as a Gargoyle Fire Elementalist on Jan 24, 2021.
             Mangled by Pikel
             ... wielding a +2 whip of flaming
              (10 damage)
             ... on level 3 of the Dungeon.
             The game lasted 00:04:07 (4153 turns).

kaeus the Firebug (Gargoyle Fire Elementalist)      Turns: 4153, Time: 00:04:08

Health: -7/36      AC:  8    Str: 13    XL:     7   Next: 40%
Magic:  4/12       EV: 10    Int: 18    God:
Gold:   178        SH:  3    Dex: 10    Spells: 12/13 levels left

rFire    + . .     SeeInvis .   l - +0 hand axe
rCold    + . .     Faith    .   h - +0 buckler
rNeg     + . .     Spirit   .   f - +0 troll leather armour
rPois    ∞         Reflect  .   (no helmet)
rElec    +         Harm     .   (no cloak)
rCorr    .         Rampage  .   (no gloves)
Will     .....                  (no boots)
Stlth    ++........             (no amulet)
HPRegen  0.52/turn              m - ring of protection from fire
MPRegen  0.13/turn              (no ring)

@: no status effects
A: talons 1, cold resistance 1, negative energy resistance 1, electricity
resistance, strong 1, unbreathing, petrification resistance, miasma immunity, AC
+4
a: no special abilities


You were on level 3 of the Dungeon.
You visited 1 branch of the dungeon, and saw 4 of its levels.

You collected 178 gold pieces.

Inventory:

Hand Weapons
 l - a +0 hand axe (weapon)
Armour
 f - a +0 troll leather armour (worn)
 h - a +0 buckler (worn)
Jewellery
 m - a ring of protection from fire (left hand)
Wands
 r - a wand of random effects (14)
Scrolls
 a - 2 scrolls of magic mapping {unknown}
 b - a scroll of identify {unknown}
 c - a scroll of amnesia {unknown}
 e - 3 scrolls of remove curse {unknown}
 g - a scroll of teleportation {unknown}
 j - a scroll of enchant weapon {unknown}
 p - a scroll of fear {unknown}
Potions
 d - a potion of attraction {unknown}
 i - a potion of flight {unknown}
 o - a potion of lignification {unknown}
 q - a potion of invisibility {unknown}


   Skills:
 - Level 1.5 Dodging
 - Level 2.1 Stealth
 + Level 3.6 Spellcasting
 * Level 5.4 Conjurations
 * Level 5.6 Fire Magic


You had 12 spell levels left.
You knew the following spells:

 Your Spells              Type           Power        Failure   Level
a - Foxfire               Conj/Fire      92%          3%          1

Your spell library contained the following spells:

 Spells                   Type           Power        Failure   Level
 Conjure Flame            Conj/Fire      23%          10%         3
 Inner Flame              Hex/Fire       13%          30%         3
 Corona                   Hex            3%           32%         1
 Dazzling Flash           Conj/Hex       26%          32%         3
 Sticky Flame             Conj/Fire      23%          32%         4
 Ensorcelled Hibernation  Hex/Ice        6%           45%         2
 Fireball                 Conj/Fire      11%          67%         5
 Confusing Touch          Hex            3%           69%         3
 Tukima's Dance           Hex            3%           69%         3


Dungeon Overview and Level Annotations

Branches:
Dungeon (4/15)
 Temple: D:4-7

Altars:
Sif Muna
Xom

Annotations:
D:3 3 runed translucent doors, Pikel; pkoi's ghost, amateur TrGl


Innate Abilities, Weirdness & Mutations

You are resistant to torment.
Your stone body is resilient. (AC +4)
You are immune to poison.
You resist negative energy. (rN+)
You are resistant to electric shocks. (rElec)
You can survive without breathing.
You are immune to petrification.
You are immune to miasma.
You have sharp toenails.
Your flesh is cold resistant. (rC+)
Your muscles are strong. (Str +2)


Message History

* * * LOW HITPOINT WARNING * * *
You take 6 damage, and have 5/36 hp.
Casting: Foxfire (safe; 3% risk of failure)
Confirm with . or Enter, or press ? or * to list all spells.
You conjure some foxfire!
Pikel closely misses you.
You now have 3/12 mp.
You hit Pikel but do no damage.
Pikel is severely wounded.
The foxfire hits Pikel.
Pikel resists.
Pikel is severely wounded.
The foxfire hits Pikel.
Pikel resists.
Pikel is severely wounded.
Pikel hits you with a +2 whip of flaming.
* * * LOW HITPOINT WARNING * * *
You take 3 damage, and have 2/36 hp.
It was a potion of mutation.
You feel extremely strange.
Your toenails lengthen and sharpen.
You feel stronger.
You feel resistant to cold.
Pikel hits you with a +2 whip of flaming!
You die...

........#.####>#####.#
........#.####.# #.#
#....[..#......#####.#
#.#####.########.....#
..# #.###### #.#####
#.# #......# #># #.#
#......# #.#
..#####......###K######
#......[.....#..@)....#
##.##.##.....#.§§#.##.#
......########...#.##.#
##.#### #.....##.# #.#
#..##.##.# #.#
#..##.##.# #.#
#........# #.#
#####.####
##.###############.#


You could see Pikel.

Vanquished Creatures
  Grinder (D:3)
  A phantom (D:4)
  2 lemures (D:3)
  2 howler monkeys (D:4)
  An orc priest (D:2)
  2 worker ants (D:4)
  7 adders
  An ooze (D:2)
  A worm (D:3)
  A dart slug (D:1)
  5 leopard geckos
  6 orcs
  4 ball pythons
  5 giant cockroaches
  4 hobgoblins
  6 jackals (D:2)
  7 kobolds
  A quokka (D:2)
  8 bats
  5 frilled lizards
  11 goblins
  A leopard gecko skeleton (D:4)
  7 rats
89 creatures vanquished.

Vanquished Creatures (others)
  270 foxfires
270 creatures vanquished.

Grand Total: 359 creatures vanquished

Notes
Turn   | Place    | Note
-------+----------+-------------------------------------------
     0 | D:1      | kaeus the Gargoyle Fire Elementalist began the quest for
                  | the Orb.
     0 | D:1      | Reached XP level 1. HP: 10/10 MP: 3/3
   225 | D:1      | Reached XP level 2. HP: 15/15 MP: 0/5
   645 | D:1      | Reached XP level 3. HP: 19/19 MP: 0/6
  1233 | D:2      | Reached XP level 4. HP: 24/24 MP: 1/7
  1874 | D:2      | Reached XP level 5. HP: 9/28 MP: 3/8
  2224 | D:3      | Found a shimmering blue altar of Sif Muna.
  2597 | D:3      | Found a shimmering altar of Xom.
  2652 | D:3      | Found a runed translucent gate.
  2652 | D:3      | Found a runed translucent gate.
  2652 | D:3      | Found a runed translucent gate.
  2653 | D:3      | Noticed pkoi's ghost (amateur TrGl)
  3173 | D:3      | Noticed Grinder
  3188 | D:3      | Paralysed by Grinder for 3 turns
  3201 | D:3      | Paralysed by Grinder for 4 turns
  3218 | D:3      | Killed Grinder
  3219 | D:3      | Reached skill level 5 in Fire Magic
  3219 | D:3      | Reached XP level 6. HP: 11/32 MP: 0/10
  3650 | D:4      | Noticed a phantom
  3652 | D:4      | Reached skill level 5 in Conjurations
  3652 | D:4      | Reached XP level 7. HP: 34/36 MP: 9/12
  3898 | D:4      | Noticed Pikel
  4153 | D:3      | Gained mutation: You have sharp toenails. [potion of
                  | mutation]
  4153 | D:3      | Gained mutation: Your muscles are strong. (Str +2) [potion
                  | of mutation]
  4153 | D:3      | Gained mutation: Your flesh is cold resistant. (rC+)
                  | [potion of mutation]
  4153 | D:3      | Mangled by Pikel

Illustrated notes

Levels and vault maps discovered:
D:1:      scummos_arrival_forest, layout_rooms
D:2:      cheibrodos_pilgrimage, layout_loops_ring
D:3:      layout_loops_cross, lemuel_coloured_pillars_altar,
          lemuel_crystal_altar, gammafunk_ghost_necromancy, uniq_grinder
D:4:      layout_loops_corners, uniq_pikel, uniq_blork_the_orc, uniq_natasha

Skill      XL: |  1  2  3  4  5  6 |
---------------+-------------------+-----
Conjurations   | 2 3 4 5 |  5.4
Fire Magic     | 4 5 |  5.6
Spellcasting   | 3 |  3.6
Dodging        | |  1.5
Stealth        | |  2.1

Action                   |  1- 3 |  4- 6 |  7- 9 || total
-------------------------+-------+-------+-------++-------
Melee: Dagger            |    41 |    53 |       ||    94
       Unarmed           |     4 |       |       ||     4
       Hand axe          |       |   123 |    51 ||   174
 Cast: Foxfire           |    52 |   115 |    40 ||   207
  Use: Potion            |       |     3 |     2 ||     5
 Stab: Sleeping          |     1 |       |       ||     1
Armor: Robe              |    12 |       |       ||    12
       Troll leather arm |     6 |    63 |    28 ||    97
Dodge: Dodged            |    19 |    84 |    28 ||   131
Block: Buckler           |     4 |    20 |     6 ||    30
